 Dungeon Crawl Stone Soup version 0.31.0-11-ge490571c62 (webtiles) character file.

Game seed: 12991899628459516254

691 qw the Shooter (level 7, 0/31 (35) HPs)
             Began as a Spriggan Hunter on Feb 4, 2024.
             Slain by Edmund
             ... wielding a +2 dire flail of draining
              (7 damage)
             ... on level 5 of the Dungeon.
             The game lasted 00:01:11 (3152 turns).

qw the Shooter (Spriggan Hunter)                    Turns: 3152, Time: 00:01:11

HP:   0/31 (35)     AC:  3    Str:  7    XL:     7   Next: 36%
MP:   8/8           EV: 22    Int: 10    God:
Gold: 235           SH:  0    Dex: 21    Spells: 6/6 levels left

rFire   . . .        a - +3 shortbow
rCold   . . .        (shield currently unavailable)
rNeg    . . .        c - +0 robe
rPois   .            (helmet restricted)
rElec   .            i - +0 cloak
rCorr   .            (gloves unavailable)
SInv    +            (boots unavailable)
Will    +....        (no amulet)
Stlth   ++           (no ring)
HPRegen 0.25/turn    (no ring)
MPRegen 0.11/turn

%: no passive effects
@: heavily drained, very quick
A: very small, no large weapons, unfitting armour, see invisible, speed 3
a: no special abilities


You were on level 5 of the Dungeon.
You visited 1 branch of the dungeon, and saw 5 of its levels.

You collected 235 gold pieces.


Innate Abilities, Weirdness & Mutations

You are very small and have problems with some larger weapons.
You are too small for most types of armour.
You have supernaturally acute eyesight. (SInv)
You cover ground extremely quickly. (Speed+++)


   Skills:
 - Level 2.0 Fighting
 + Level 7.4 Ranged Weapons
 - Level 7.0 Dodging
 - Level 1.5 Stealth


You had 6 spell levels left.
You didn't know any spells.
Your spell library was empty.

Inventory:

Hand Weapons
 a - a +3 shortbow (weapon)
Armour
 c - a +0 robe (worn)
 i - a +0 cloak (worn)
Potions
 b - a potion of resistance {unknown}
 d - 2 potions of might
 f - a potion of degeneration {unknown}
 h - a potion of enlightenment
 j - a potion of magic {unknown}

Dungeon Overview and Level Annotations

Branches:
Dungeon (5/15)
 Temple: D:4-7

Altars:
Dithmenos
Makhleb
Yredelemnul

Annotations:
D:2 1 runed translucent door, Crazy Yiuf
D:3 2 transporters, qw's ghost, amateur DEHu
D:5 Edmund


Message History

The jackal misses you. The jackal bites you.
You shoot an arrow. The arrow barely misses the jackal.
The jackal completely misses you.
You shoot an arrow. The arrow hits the jackal!
You kill the jackal!
You start resting.
Edmund the Younger comes into view.
He is wielding a +2 dire flail of draining and wearing a +2 chain mail of cold resistance.
You shoot an arrow. The arrow hits Edmund.
Edmund is lightly wounded.
You shoot an arrow.
The arrow hits Edmund but does no damage.
Edmund is lightly wounded.
You shoot an arrow. The arrow barely misses Edmund.
Edmund misses you.
You shoot an arrow.
The arrow hits Edmund but does no damage.
Edmund is lightly wounded.
Edmund closely misses you.
You shoot an arrow. The arrow barely misses Edmund.
Edmund closely misses you.
You shoot an arrow. The arrow hits Edmund.
Edmund is lightly wounded.
Edmund closely misses you.
You shoot an arrow.
The arrow hits Edmund but does no damage.
Edmund is lightly wounded.
Edmund barely misses you.
You shoot an arrow. The arrow barely misses Edmund.
Edmund hits you with a +2 dire flail of draining!
You feel drained.
You shoot an arrow. The arrow hits Edmund!
Edmund is moderately wounded.
Edmund misses you.
You shoot an arrow. The arrow hits Edmund!
Edmund is heavily wounded.
Edmund hits you with a +2 dire flail of draining!!
Ouch! That really hurt!
You feel drained.
You die...
Edmund says, "I'd like to see a scythe do that!"

#...#.#..
#..#.#.####
#........########
#.#...##........#
#...#.#########.# #
#.....#####.....#
...
#....:....#.#####
.....###...#####...#
# ......)@...#
#..### ##
.......@##.#
##....###.
.......!##.#
##..##.##..
...........#
#.........#
#....#.#.
.......##..###
#..#...
.............!.
...#.#.
.#........###... .#
.#. .#.[...... #.#
....... ..


You could see Edmund.

Vanquished Creatures
  Sigmund (D:2)
  A phantom (D:4)
  A howler monkey (D:5)
  2 jellies
  2 bombardier beetles
  An orc priest (D:4)
  A hound (D:4)
  A sleepcap (D:5)
  Natasha (twice) (D:2)
  7 adders
  5 dart slugs
  12 orcs
  2 ball pythons
  5 endoplasms
  6 giant cockroaches
  9 goblins
  2 hobgoblins (D:2)
  8 jackals
  5 quokkas
  5 bats
  2 frilled lizards (D:2)
  6 kobolds
  10 rats
96 creatures vanquished.

Notes
Turn   | Place    | Note
-------+----------+-------------------------------------------
     0 | D:1      | qw the Spriggan Hunter began the quest for the Orb.
     0 | D:1      | Reached XP level 1. HP: 10/10 MP: 2/2
     0 | D:1      | 0 ||| qw: Version: 0.3-a-160-g6735b56
     0 | D:1      | 0 ||| qw: Game counter: 5772
     0 | D:1      | 0 ||| qw: Melee chars always use a shield: true
     0 | D:1      | 0 ||| qw: God list: Okawaru
     0 | D:1      | 0 ||| qw: Allow faded altars: false
     0 | D:1      | 0 ||| qw: Do Orc after clearing Dungeon:15 true
     0 | D:1      | 0 ||| qw: Do second Lair branch before Depths: true
     0 | D:1      | 0 ||| qw: Lair rune preference: random
     0 | D:1      | 0 ||| qw: Goals: Normal
     0 | D:1      | 0 ||| PLANNING D:1-11
    72 | D:1      | Reached skill level 3 in Dodging
   185 | D:1      | Reached XP level 2. HP: 14/14 MP: 3/3
   633 | D:1      | 633 ||| UPGRADING to +0 cloak.
   638 | D:1      | 638 ||| READING 2 scrolls labelled AKU FIKAHO.
   739 | D:1      | 739 ||| READING scroll labelled ANWADU XOIV.
   739 | D:1      | 739 ||| ENCHANTING +0 shortbow.
   740 | D:1      | 740 ||| READING scroll labelled XERCHE RUFUWN.
   740 | D:1      | 740 ||| IDENTIFYING grey potion
   741 | D:1      | 741 ||| DROPPING scroll of butterflies.
   742 | D:1      | 742 ||| DROPPING potion of lignification.
   743 | D:1      | 743 ||| DROPPING scroll of vulnerability.
   831 | D:2      | 831 ||| READING scroll of enchant weapon.
   831 | D:2      | 831 ||| ENCHANTING +1 shortbow.
   897 | D:2      | Reached XP level 3. HP: 18/18 MP: 4/4
   949 | D:2      | Noticed Natasha
   952 | D:2      | HP: 4/18 [Natasha/magic dart (7)]
   954 | D:2      | Killed Natasha
   955 | D:2      | 955 ||| FLEEEEING.
   956 | D:2      | 956 ||| FLEEEEING.
   960 | D:2      | 960 ||| FLEEEEING.
   961 | D:2      | 961 ||| FLEEEEING.
   962 | D:2      | 962 ||| FLEEEEING.
   964 | D:2      | 964 ||| FLEEEEING.
   965 | D:2      | 965 ||| FLEEEEING.
   967 | D:2      | 967 ||| FLEEEEING.
   968 | D:2      | 968 ||| FLEEEEING.
   969 | D:2      | 969 ||| FLEEEEING.
   970 | D:2      | 970 ||| FLEEEEING.
   971 | D:2      | 971 ||| FLEEEEING.
   972 | D:2      | 972 ||| FLEEEEING.
   973 | D:2      | 973 ||| FLEEEEING.
   974 | D:2      | 974 ||| FLEEEEING.
   975 | D:2      | 975 ||| FLEEEEING.
   976 | D:2      | 976 ||| FLEEEEING.
   977 | D:2      | 977 ||| FLEEEEING.
   981 | D:2      | 981 ||| FLEEEEING.
   982 | D:2      | 982 ||| FLEEEEING.
   984 | D:2      | 984 ||| FLEEEEING.
   985 | D:2      | 985 ||| STAIRDANCE
  1078 | D:2      | Noticed Sigmund
  1082 | D:2      | Killed Sigmund
  1083 | D:2      | Reached skill level 6 in Dodging
  1083 | D:2      | Reached XP level 4. HP: 16/22 MP: 5/5
  1083 | D:2      | Reached XP level 5. HP: 18/25 MP: 6/6
  1567 | D:2      | Noticed Natasha
  1573 | D:2      | 1573 ||| RETREEEEATING.
  1574 | D:2      | 1574 ||| RETREEEEATING.
  1575 | D:2      | 1575 ||| RETREEEEATING.
  1575 | D:2      | Killed Natasha
  1576 | D:2      | Reached XP level 6. HP: 30/30 MP: 7/7
  1604 | D:2      | Found a runed translucent door.
  1605 | D:2      | Noticed Crazy Yiuf
  1764 | D:2      | 1764 ||| READING 2 scrolls of identify.
  1764 | D:2      | 1764 ||| IDENTIFYING black potion
  1765 | D:2      | 1765 ||| READING scroll of identify.
  1765 | D:2      | 1765 ||| IDENTIFYING puce potion
  1766 | D:2      | 1766 ||| READING scroll labelled ZIULOS GUSO.
  1767 | D:2      | 1767 ||| READING scroll labelled XECOIMMEPI.
  1851 | D:2      | 1851 ||| READING scroll labelled XANAQ RASM.
  1852 | D:2      | 1852 ||| DROPPING potion of invisibility.
  1928 | D:3      | Found a transporter.
  1937 | D:3      | Found a transporter.
  1945 | D:3      | Noticed qw's ghost (amateur DEHu)
  2059 | D:3      | Found a basalt altar of Yredelemnul.
  2183 | D:3      | 2183 ||| READING scroll of enchant weapon.
  2183 | D:3      | 2183 ||| ENCHANTING +2 shortbow.
  2193 | D:3      | Found a shadowy altar of Dithmenos.
  2270 | D:3      | 2270 ||| READING scroll of identify.
  2270 | D:3      | 2270 ||| IDENTIFYING clear potion
  2271 | D:3      | 2271 ||| READING 2 scrolls labelled PIF LESSOZOC INA.
  2272 | D:3      | 2272 ||| READING 2 scrolls labelled XIHEAR MUENTA.
  2273 | D:3      | 2273 ||| READING scroll labelled RELUMOUROE.
  2274 | D:3      | 2274 ||| READING scroll labelled HOEDORR ROWA.
  2275 | D:3      | 2275 ||| DROPPING scroll of poison.
  2276 | D:3      | 2276 ||| DROPPING scroll of fear.
  2278 | D:3      | 2278 ||| Stepping ~*~*~tactically~*~*~ (cloud).
  2422 | D:4      | Reached skill level 6 in Ranged Weapons
  2520 | D:4      | Found a burning altar of Makhleb.
  2520 | D:4      | Noticed a cacodemon
  2626 | D:4      | Reached XP level 7. HP: 27/35 MP: 8/8
  2636 | D:4      | 2636 ||| FLEEEEING.
  3014 | D:4      | 3014 ||| READING scroll labelled OHIDDU UWNOAT.
  3038 | D:5      | Entered Level 5 of the Dungeon
  3142 | D:5      | Noticed Edmund
  3152 | D:5      | HP: 7/33 [Edmund/+2 dire flail of draining (18)]
  3152 | D:5      | Slain by Edmund

Levels and vault maps discovered:
D:1:      shiori_shiawase, layout_loops_cross
D:2:      layout_loops_ring, st_stairs_6, amcnicky_mini_rare_corridor_liquid,
          uniq_natasha, uniq_sigmund, uniq_crazy_yiuf_cottage
D:3:      layout_rooms, mainiacjoe_overflow_boulevard,
          mainiacjoe_overflow_catwalk, gammafunk_ghost_stat_death
D:4:      layout_basic, makhleb_altar_promises_db
D:5:      layout_rooms, uniq_edmund

Skill      XL: |  1  2  3  4  5  6  7 |
---------------+----------------------+-----
Dodging        | 3 4 6 7 |  7.0
Ranged Weapons | 5 6 7 |  7.4
Fighting       | 2 |  2.0
Stealth        | |  1.5

Action                     |  1- 3 |  4- 6 |  7- 9 || total
---------------------------+-------+-------+-------++-------
   Fire: Shortbow          |    88 |   132 |    72 ||   292
    Use: Scroll            |     4 |    11 |     1 ||    16
 Armour: Robe              |    11 |    17 |    12 ||    40
  Dodge: Dodged            |    44 |    41 |    30 ||   115

Table legend:
 A = Non-vault XP
 B = Vault XP
 C = Vault XP percentage of total XP
 D = Non-vault monster count
 E = Vault monster count
 F = Vault count percentage of total count
                 A         B        C        D         E       F
            +---------+---------+-------+---------+---------+-------
      Total |     727 |     261 |  26.4 |      93 |       3 |   3.1
            +---------+---------+-------+---------+---------+-------
        D:1 |      26 |       0 |   0.0 |      14 |       0 |   0.0
        D:2 |     103 |     261 |  71.7 |      28 |       3 |   9.7
        D:3 |      91 |       0 |   0.0 |      21 |       0 |   0.0
        D:4 |     350 |       0 |   0.0 |      22 |       0 |   0.0
        D:5 |     157 |       0 |   0.0 |       8 |       0 |   0.0
            +---------+---------+-------+---------+---------+-------
